 Dungeon Sprint DCSS version 0.17-a0-1399-gd5b76e1 (webtiles) character file.

127 Kidiri the Covert (level 4, -8/21 HPs)
             Began as a Spriggan Enchanter on June 19, 2015.
             Splashed by a jelly's acid (10 damage)
             ... in the Dungeon (Sprint III: "The Ten Rune Challenge").
             The game lasted 00:02:44 (412 turns).

Kidiri the Covert (Spriggan Enchanter)               Turns: 412, Time: 00:02:46

Health: -8/21      AC:  2    Str:  4    XL:     4   Next: 85%
Magic:  0/13       EV: 21    Int: 16    God:
Gold:   30         SH:  0    Dex: 17    Spells: 5 memorised, 3 levels left

rFire  . . .     SeeInvis +     a - +1 dagger
rCold  + . .     Clarity  .     b - +1 robe
rNeg   . . .     SustAt   .     (shield restricted)
rPois  .         Gourm    .     (helmet restricted)
rElec  .         Spirit   .     (no cloak)
rCorr  .         Warding  .     (gloves unavailable)
rMut   .         NoTele   +     (boots unavailable)
MR     .....                    (no amulet)
Stlth  +++++.....               (no ring)
                                (no ring)

@: very slightly contaminated, very quick, not resistant to hostile
enchantments, quite stealthy
A: unfitting armour, beak, see invisible, cold resistance 1, deformed body,
herbivore 3, speed 3, slow metabolism 2
a: no special abilities


You were in the Dungeon.
You were not hungry.

You visited 1 branch You collected 30 gold pieces.

Inventory:

Hand weapons
 a - a +1 dagger (weapon)
Armour
 b - a +1 robe (worn)
Scrolls
 j - a scroll of blinking
 l - 2 scrolls of torment
 n - 3 scrolls of remove curse
Potions
 e - 3 potions of curing
 f - a potion of heal wounds
 g - a potion of haste
 h - 2 potions of magic
 i - a potion of berserk rage
 p - 2 potions of cure mutation
 q - 2 potions of flight
Books
 c - a book of Maledictions

   Spells                             Type                      Level
   a - Corona                         Hexes                        1
   b - Ensorcelled Hibernation        Hexes/Ice                    2
   c - Confuse                        Hexes                        3
   d - Tukima's Dance                 Hexes                        3
   e - Dazzling Spray                 Conjuration/Hexes            3
Comestibles
 d - a bread ration
 o - a royal jelly
 r - 2 fruits


   Skills:
 + Level 3.6 Short Blades
 + Level 5.5 Dodging
 * Level 9.1 Stealth
 * Level 6.3 Spellcasting
 + Level 1.0 Conjurations
 + Level 5.5 Hexes
 + Level 1.7 Ice Magic


You had 3 spell levels left.
You knew the following spells:

 Your Spells              Type           Power        Failure   Level  Hunger
a - Corona                Hex            ###....      1%          1    None
b - Ensorcelled Hibernat  Hex/Ice        ###...       6%          2    None
c - Confuse               Hex            ###.....     4%          3    ##.....
d - Tukima's Dance        Hex            ###.....     4%          3    ##.....
e - Dazzling Spray        Conj/Hex       ###.....     12%         3    ##.....


Dungeon Overview and Level Annotations

Branches:
Dungeon (1/1)

Altars:


Innate Abilities, Weirdness & Mutations

You are tiny and cannot use many weapons and most armour.
You have supernaturally acute eyesight.
You are a herbivore.
You cover ground extremely quickly.
You need consume almost no food.
You have a beak for a mouth.
Your flesh is cold resistant.
Armour fits poorly on your strangely shaped body.


Message History

Casting: Confuse
Confirm with . or Enter, or press ? or * to list all spells.
You don't have enough magic to cast that spell.
Unknown command.
Unknown command.
There is an open door here.
You hit the jelly.
Your hands burn!
The jelly is moderately wounded.
You hit the jelly.
Your hands burn!
* * * LOW HITPOINT WARNING * * *
You peck the jelly.
The jelly is heavily wounded.
The jelly misses you.
You hit the jelly.
Your hands burn!
* * * LOW HITPOINT WARNING * * *
The jelly is severely wounded.
The jelly hits you.
* * * LOW HITPOINT WARNING * * *
You are splashed with acid!
The acid burns!
You die...

▓▓▓▓▓▓▓▓▓ ▓▓▓ ▓<..#...####
##.# ▓...#......#####..#
▓..##.......#..#..#
▓##.##.##...#@.#..###+#+###+##
##.##.###..##J#..#..........#
▓#.####.##..###...'.⌠..WJ....#
▓.###..##..####...#...######'#
▓#.....##..###....#.⌠.# #...#
###..##)..##.....#...# #...#
##..##....#......#+### #...#
#..###..##.#.....# #..%+ #%.#
#..#####....# +...#


You could see a jelly.

Vanquished Creatures
  A water elemental (D)
  Jessica (D)
  A wolf (D)
  A human (D)
  3 rats (D)
7 creatures vanquished.

Vanquished Creatures (others)
  2 draconian scorchers (D)
  A yaktaur (D)
3 creatures vanquished.

Grand Total: 10 creatures vanquished

Notes
Turn   | Place    | Note
--------------------------------------------------------------
     0 | D        | Kidiri the Spriggan Enchanter began the quest for the Orb.
     0 | D        | Reached XP level 1. HP: 9/9 MP: 5/5
    91 | D        | Reached skill level 5 in Stealth
   104 | D        | Noticed Jessica
   108 | D        | Killed Jessica
   108 | D        | Reached skill level 6 in Stealth
   108 | D        | Reached XP level 2. HP: 13/13 MP: 5/8
   108 | D        | Killed a yaktaur
   112 | D        | Learned a level 2 spell: Ensorcelled Hibernation
   118 | D        | Noticed a wolf
   122 | D        | Killed a wolf
   122 | D        | Reached skill level 7 in Stealth
   122 | D        | Reached skill level 5 in Spellcasting
   122 | D        | Reached XP level 3. HP: 16/16 MP: 4/10
   184 | D        | Killed a white draconian scorcher
   204 | D        | Killed a white draconian scorcher
   278 | D        | Reached skill level 8 in Stealth
   278 | D        | Reached skill level 5 in Hexes
   278 | D        | Reached skill level 1 in Ice Magic
   278 | D        | Reached XP level 4. HP: 21/21 MP: 8/12
   283 | D        | Learned a level 3 spell: Confuse
   287 | D        | Learned a level 3 spell: Tukima's Dance
   291 | D        | Learned a level 3 spell: Dazzling Spray
   310 | D        | Gained mutation: Armour fits poorly on your strangely shaped body. [potion of mutation]
   310 | D        | Gained mutation: You have a beak for a mouth. [potion of mutation]
   310 | D        | Gained mutation: You are frail (-10% HP). [potion of mutation]
   311 | D        | Gained mutation: Your flesh is cold resistant. [potion of mutation]
   311 | D        | Lost mutation: You are frail (-10% HP). [potion of mutation]
   356 | D        | Noticed a water elemental
   359 | D        | Killed a water elemental
   359 | D        | Reached skill level 5 in Dodging
   359 | D        | Reached skill level 9 in Stealth
   359 | D        | Reached skill level 1 in Conjurations
   368 | D        | Noticed a jelly
   369 | D        | Noticed a shadow
   412 | D        | Splashed by a jelly's acid

Vault maps used:
D:        dungeon_sprint_mu

Action                   |  1- 3 |  4- 6 || total
-------------------------+-------+-------++-------
Melee: Dagger            |     7 |     8 ||    15
 Cast: Ensorcelled Hiber |     2 |       ||     2
       Dazzling Spray    |       |     2 ||     2
       Confuse           |       |     1 ||     1
       Corona            |       |     1 ||     1
  Use: Scroll            |       |     3 ||     3
       Potion            |       |     2 ||     2
 Stab: Sleeping          |     5 |     1 ||     6
